 Dungeon Crawl Stone Soup version 0.18-a0-809-g212a022 (webtiles) character file.

149401 Arkorax the Warrior (level 17, -3/99 HPs)
             Began as a Vine Stalker Monk on Dec 15, 2015.
             Was the Champion of Cheibriados.
             Slain by a deep troll (7 damage)
             ... on level 1 of the Depths.
             The game lasted 00:53:39 (23107 turns).

Arkorax the Warrior (Vine Stalker Monk)            Turns: 23107, Time: 00:53:40

Health: -3/99      AC: 23    Str: 36    XL:     17   Next: 51%
Magic:  0/29       EV: 19    Int: 27    God:    Cheibriados [******]
Gold:   2147       SH:  0    Dex: 37    Spells: 1 memorised, 25 levels left

rFire  x . .     SeeInvis +       - Unarmed
rCold  + + +     Clarity  .     k - +2 ice dragon armour
rNeg   . . .     SustAt   .     q - +1 large shield {reflect}
rPois  .         Gourm    .     E - +0 helmet
rElec  .         Spirit   +     v - +0 cloak
rCorr  .         Dismiss  .     i - +1 pair of gloves {Dex+3}
rMut   .         Stasis   .     B - +1 pair of boots
MR     ++...                    g - amulet "Qoptingu" {+Rage Str+4 SInv}
Stlth  ..........               u - +4 ring of protection
                                Y - ring "Veac" {Wiz rC+}

@: confused, very slow, very resistant to hostile enchantments, extremely
unstealthy
A: fangs 3, regeneration 3, magic shield, antimagic bite, no device heal 3, rot
immunity
a: Bend Time, Temporal Distortion, Slouch, Step From Time, Renounce Religion,
Evoke Berserk Rage


You were on level 1 of the Depths.
You worshipped Cheibriados.
Cheibriados was exalted by your worship.
You were very hungry.

You visited 4 branches of the dungeon, and saw 27 of its levels.
You also visited: Labyrinth, Ossuary and Ice Cave.

You collected 2553 gold pieces.
You spent 406 gold pieces at shops.

Inventory:

Armour
 d - the +6 scale mail "Fyemit" {Int+5 Slay+2 Stlth-}
   (You found it on level 5 of the Lair of Beasts)

   It affects your intelligence (+5).
   It affects your accuracy and damage with ranged weapons and melee attacks
   (+2).
   It makes you less stealthy.
 i - a +1 pair of gloves of dexterity (worn)
 k - a +2 ice dragon armour (worn)
 q - a +1 large shield of reflection (worn)
 v - a +0 cloak (worn)
 B - a +1 pair of boots (worn)
 E - a +0 helmet (worn)
Jewellery
 g - the amulet "Qoptingu" (around neck) {+Rage Str+4 SInv}
   (You found it on level 5 of the Lair of Beasts)

   [amulet of rage]

   It affects your strength (+4).
   It lets you see invisible.
   It lets you go berserk.
 m - an uncursed ring of magical power
 r - an uncursed ring of see invisible
 u - a +4 ring of protection (right hand)
 J - an uncursed amulet of resist corrosion
 K - an uncursed ring of sustain attributes
 M - a +3 ring of intelligence
 Y - the ring "Veac" (left hand) {Wiz rC+}
   (You found it in a labyrinth)

   [ring of wizardry]

   It improves your spell success rate.
   It protects you from cold.
Wands
 A - a wand of digging (6)
 I - a wand of lightning (5)
 L - a wand of fire (0)
Scrolls
 a - 9 scrolls of identify
 c - 5 scrolls of teleportation
 e - 5 scrolls of magic mapping
 j - 4 scrolls of recharging
 o - 12 scrolls of remove curse
 s - a scroll of silence
 y - a scroll of summoning
 D - a scroll of blinking
 N - 3 scrolls of fog
 P - 5 scrolls of amnesia
 V - a scroll of enchant armour
Potions
 h - 4 potions of lignification
 n - 6 potions of cancellation
 t - 6 potions of curing
 C - 2 potions of ambrosia
 G - 2 potions of agility
 O - 3 potions of brilliance
 T - 5 potions of flight
 U - a potion of resistance
Books
 F - a book of Burglary

   Spells                             Type                      Level
   a - Swiftness                      Charms/Air                   2
   b - Passwall                       Transmutation/Earth          3
   c - Passage of Golubria            Translocation                4
   d - Lee's Rapid Deconstruction     Earth                        5
   e - Darkness                       Hexes                        6
   f - Invisibility                   Hexes                        6
 Q - a book of the Tempests

   Spells                             Type                      Level
   a - Static Discharge               Conjuration/Air              3
   b - Lightning Bolt                 Conjuration/Air              5
   c - Fireball                       Conjuration/Fire             5
   d - Tornado                        Air                          9
   e - Shatter                        Earth                        9
 R - a Necronomicon

   Spells                             Type                      Level
   a - Haunt                          Necromancy/Summoning         7
   b - Borgnjor's Revivification      Necromancy                   8
   c - Death's Door                   Charms/Necromancy            8
   d - Necromutation                  Transmutation/Necromancy     8
 S - a book of Annihilations

   Spells                             Type                      Level
   a - Poison Arrow                   Conjuration/Poison           6
   b - Chain Lightning                Conjuration/Air              8
   c - Lehudib's Crystal Spear        Conjuration/Earth            8
   d - Glaciate                       Conjuration/Ice              9
   e - Fire Storm                     Conjuration/Fire             9
 W - a book of Summonings

   Spells                             Type                      Level
   a - Recall                         Summoning/Translocation      3
   b - Aura of Abjuration             Summoning                    5
   c - Shadow Creatures               Summoning                    5
   d - Summon Demon                   Summoning                    5
   e - Summon Forest                  Summoning/Translocation      5
   f - Summon Mana Viper              Hexes/Summoning              5
 X - a Grand Grimoire

   Spells                             Type                      Level
   a - Monstrous Menagerie            Summoning                    6
   b - Summon Greater Demon           Summoning                    7
   c - Malign Gateway                 Summoning/Translocation      7
   d - Summon Horrible Things         Summoning                    8
 Z - a book of Clouds

   Spells                             Type                      Level
   a - Mephitic Cloud                 Conjuration/Poison/Air       3
   b - Conjure Flame                  Conjuration/Fire             3
   c - Poisonous Cloud                Conjuration/Poison/Air       6
   d - Freezing Cloud                 Conjuration/Ice/Air          6
   e - Ring of Flames                 Charms/Fire                  7
Miscellaneous
 w - a lamp of fire
Comestibles
 b - 12 bread rations
 f - 14 slices of pizza
 p - 5 beef jerkies
 x - 8 fruits
 z - 11 meat rations
 H - 2 royal jellies


   Skills:
 + Level 15.4 Fighting
 - Level 3.7 Armour
 - Level 8.0 Dodging
 - Level 2.4 Stealth
 + Level 14.1 Shields
 - Level 12.5 Unarmed Combat
 - Level 7.5 Spellcasting
 - Level 3.9 Ice Magic
 - Level 4.1 Air Magic
   Level 7.1 Earth Magic
 - Level 8.1 Invocations


You had 25 spell levels left.
You knew the following spells:

 Your Spells              Type           Power        Failure   Level  Hunger
b - Freezing Cloud        Conj/Ice/Air   ###.......   100%        6    ######.


Dungeon Overview and Level Annotations

Branches:
Dungeon (15/15)            Temple (0/1) D:5            Lair (8/8) D:9
 Shoals (0/4) Lair:3        Snake (3/4) Lair:4        Slime (0/6) Lair:8
    Orc (0/2) D:12         Vaults (0/5) D:14         Depths (1/5) D:15

Altars:
Ashenzari
Cheibriados
Dithmenos
Elyvilon
Gozag
Kikubaaqudgha
Pakellas
Qazlal
Sif Muna
Trog
Xom
Zin
The Shining One

Shops:
D:12 *   D:14 *   D:15 (

Portals:
Hell: Depths:1


Innate Abilities, Weirdness & Mutations

You have razor-sharp teeth.
You regenerate.
When hurt, damage is shared between your health and your magic reserves.
Your bite disrupts and absorbs the magic of your enemies.
Potions and wands cannot restore your health.
You are immune to rotting.


Message History

The deep troll closely misses you. The deep troll misses you.
The deep troll earth mage bites you but does no damage.
The deep troll earth mage claws you but does no damage.
The deep troll earth mage completely misses you.
The deep troll earth mage gestures next to the deep troll earth mage while chanting.
Some rock shatters into small pieces.
The deep troll earth mage bites you but does no damage.
The deep troll earth mage misses you.
The deep troll earth mage claws you but does no damage.
The frost giant hits you but does no damage.
The frost giant hits you with a battleaxe of freezing!
* * * LOW HITPOINT WARNING * * *
The frost giant freezes you. The deep troll closely misses you.
The deep troll claws you but does no damage.
The deep troll claws you!
* * * LOW HITPOINT WARNING * * *
The tengu conjurer barely misses you. x2
The tengu conjurer completely misses you.
The rakshasa barely misses you. The deep troll bites you!
You die...

....#.......§≈§≈≈≈≈.......§≈.##..
..###.......§§≈§≈≈§.§....≈.≈§....
§. #...≈....≈≈≈§≈≈≈..#.....≈.....
. ##..≈....≈≈≈≈≈§§........).....
........................
........................
.......T..##.#.##.#...#.
......TCT.##.#.####...#.
.....RC@T.###....##...##
......TQ*T.###.########
......TT....##..##
.......#...##....#
....#.##.#####..## ....#. #.#
#.## §≈§ §. ... ### ≈§ ≈≈. ..


You could see 2 frost giants, a rakshasa, 5 deep trolls, 3 deep troll earth
magi, a tengu conjurer and a battlesphere.

Vanquished Creatures
  Saint Roka (Snake:3)
  Rupert (D:13)
  Asterion (Snake:1)
  Louise (Snake:1)
  A fire giant (Depths:1)
  2 very ugly things (Depths:1)
  2 stone giants (Depths:1)
  A yaktaur captain (D:15)
  A minotaur (Lab)
  The ghost of vible the Grappler, a journeyman NaMo of Okawaru (IceCv)
  An ice dragon (Lair:8)
  Erolcha (D:9)
  10 hydras
  5 naga warriors
  Fannar (D:11)
  2 centaur warriors
  5 anacondas
  A tengu warrior (D:15)
  11 death yaks (Lair:8)
  A deep troll shaman (D:15)
  Urug (D:13)
  A vampire mage (Depths:1)
  2 deep troll earth magi (Depths:1)
  8 naga sharpshooters
  Sonja (D:10)
  3 shock serpents (Snake:2)
  The ghost of Leszczynek the Basher, a novice OgAr of Zin (D:7)
  A salamander mystic (Snake:3)
  The ghost of WhatIsLove the Destroyer, a novice OpCj of Vehumet (D:9)
  2 wizards (D:14)
  2 iron trolls (D:15)
  5 deep trolls
  2 unseen horrors
  5 mana vipers
  An orc knight (D:15)
  2 deep elf magi
  A naga ritualist (Snake:1)
  5 hill giants
  2 wolf spiders (Lair:8)
  A hornet (Lair:8)
  Pikel (D:6)
  A shining eye (Lair:8)
  2 lindwurms (Lair:8)
  A wolf spider zombie (D:15)
  3 salamanders
  A hornet (shapeshifter) (Depths:1)
  3 guardian serpents
  3 manticores
  18 black mambas
  3 griffons
  19 ugly things
  7 slime creatures
  5 cyclopes
  Joseph (Lair:1)
  6 torpor snails (Lair:8)
  8 elephants
  2 centaur skeletons
  An ice statue (Lair:5)
  5 naga magi
  7 komodo dragons
  A redback zombie (D:15)
  27 spiny frogs
  7 yaktaurs
  The ghost of Arkorax the Ruffian, an amateur NaMo of Ru (D:3)
  3 giant leeches (Lair:8)
  4 polar bears (Lair:5)
  2 freezing wraiths
  8 trolls
  A queen bee (D:13)
  10 blink frogs
  3 boulder beetles
  5 two-headed ogres
  47 yaks
  A human (D:9)
  A vampire (D:15)
  A hog (D:9)
  A human (shapeshifter) (D:14)
  4 hungry ghosts
  2 wyverns
  15 hippogriffs
  2 basilisks
  A mottled dragon (D:11)
  14 wolves
  2 vampire mosquitoes (D:15)
  Edmund (D:4)
  2 wargs (Snake:3)
  A soldier ant (D:12)
  17 nagas
  15 porcupines
  A black bear (D:7)
  21 water moccasins
  7 orc warriors
  4 sky beasts
  13 wasps
  2 necrophages (D:12)
  5 eyes of draining
  6 ogres
  2 phantoms
  10 centaurs
  11 ice beasts
  9 crocodiles
  3 elf zombies (Ossuary)
  A wyvern zombie (D:14)
  12 giant frogs
  A water moccasin skeleton (D:9)
  2 wyvern skeletons
  21 killer bees
  4 scorpions
  3 wights (D:14)
  2 electric eels (Lair:6)
  3 crimson imps
  5 centaur zombies
  3 giant frog zombies
  A quasit (D:12)
  4 orc priests
  7 hounds
  A human zombie (Ossuary)
  Crazy Yiuf (D:3)
  2 jellies (D:5)
  A gnoll shaman (D:7)
  7 iguanas
  9 orc wizards
  13 worker ants
  53 sheep
  A big kobold zombie (Ossuary)
  2 hound zombies
  3 hound skeletons
  4 mummies (Ossuary)
  10 gnolls
  18 adders
  72 river rats
  18 white imps
  3 shadow imps
  9 oozes
  2 ufetubi (IceCv)
  An adder zombie (D:5)
  An adder skeleton (D:8)
  20 worms
  6 giant geckos
  60 orcs
  A bat zombie (D:4)
  7 giant cockroaches
  8 goblins
  10 hobgoblins
  5 jackals
  6 kobolds
  4 quokkas
  2 ball pythons
  A ball python skeleton (D:5)
  8 bats
  2 giant newts (D:3)
  2 jackal zombies (Ossuary)
  A kobold zombie (Ossuary)
  3 orc zombies (Ossuary)
  14 rats
  5 rat zombies
  A butterfly (D:5)
  A fungus (Lair:8)
954 creatures vanquished.

Vanquished Creatures (others)
  Vashnia (Snake:3)
  A hydra (Lair:8)
  A black mamba (Lair:8)
  A centaur (Depths:1)
  3 white imps (IceCv)
  3 ufetubi (IceCv)
  A bush (Lair:8)
  33 fungi
  80 plants (Lair:8)
124 creatures vanquished.

Grand Total: 1078 creatures vanquished

Notes
Turn   | Place    | Note
--------------------------------------------------------------
     0 | D:1      | Arkorax the Vine Stalker Monk began the quest for the Orb.
     0 | D:1      | Reached XP level 1. HP: 11/11 MP: 2/2
   139 | D:1      | Reached XP level 2. HP: 16/16 MP: 3/3
   364 | D:1      | Reached XP level 3. HP: 20/20 MP: 4/4
   836 | D:2      | Reached XP level 4. HP: 21/25 MP: 3/5
   848 | D:2      | Found a shadowy altar of Dithmenos.
   895 | D:2      | Found a white marble altar of Elyvilon.
  1000 | D:2      | Found a shattered altar of Ashenzari.
  1061 | D:2      | Found a glowing golden altar of the Shining One.
  1118 | D:2      | Found a snail-covered altar of Cheibriados.
  1326 | D:2      | Became a worshipper of Cheibriados the Contemplative
  1326 | D:2      | Reached * piety under Cheibriados
  1326 | D:2      | Reached ** piety under Cheibriados
  1364 | D:3      | Noticed Arkorax's ghost (amateur NaMo)
  1384 | D:3      | Killed Arkorax's ghost
  1384 | D:3      | Reached skill level 5 in Fighting
  1384 | D:3      | Reached skill level 6 in Unarmed Combat
  1384 | D:3      | Reached XP level 5. HP: 10/30 MP: 6/6
  1384 | D:3      | Gained mutation: You heal very quickly. [Vine Stalker growth]
  1384 | D:3      | Reached XP level 6. HP: 11/35 MP: 7/7
  1758 | D:3      | Reached XP level 7. HP: 39/39 MP: 8/8
  1843 | D:3      | Reached *** piety under Cheibriados
  2143 | D:3      | Noticed Crazy Yiuf
  2146 | D:3      | Killed Crazy Yiuf
  2360 | D:4      | Noticed Edmund
  2372 | D:4      | Killed Edmund
  2372 | D:4      | Reached skill level 7 in Unarmed Combat
  2519 | D:4      | Found an ancient bone altar of Kikubaaqudgha.
  2842 | D:4      | Found an oddly glowing altar of Pakellas.
  3024 | D:5      | Entered Level 5 of the Dungeon
  3063 | D:5      | Gained mutation: You have razor-sharp teeth. [Vine Stalker growth]
  3063 | D:5      | Reached XP level 8. HP: 43/45 MP: 9/9
  3124 | D:5      | Reached **** piety under Cheibriados
  3235 | D:5      | Reached skill level 8 in Unarmed Combat
  3243 | D:5      | Found a staircase to the Ecumenical Temple.
  3373 | D:5      | You fall through a shaft for 3 floors!
  3406 | D:8      | Found a deep blue altar of Sif Muna.
  3540 | D:8      | Found a stormy altar of Qazlal.
  3852 | D:8      | Reached skill level 9 in Unarmed Combat
  3852 | D:8      | Reached XP level 9. HP: 51/51 MP: 10/10
  4036 | D:8      | Found a shimmering altar of Xom.
  4199 | D:7      | Reached ***** piety under Cheibriados
  4392 | D:7      | Noticed Leszczynek's ghost (novice OgAr)
  4408 | D:7      | Killed Leszczynek's ghost
  4474 | D:7      | Found a bloodstained altar of Trog.
  4651 | D:7      | Reached skill level 10 in Unarmed Combat
  4877 | D:6      | Found a sand-covered staircase.
  4893 | Ossuary  | Entered an ossuary
  5417 | D:6      | Noticed Pikel
  5424 | D:6      | Paralysed by Pikel for 4 turns
  5441 | D:6      | Killed Pikel
  5441 | D:6      | Reached XP level 10. HP: 56/58 MP: 11/11
  5557 | D:5      | Found a glowing silver altar of Zin.
  5907 | D:9      | Noticed WhatIsLove's ghost (novice OpCj)
  5917 | D:9      | Killed WhatIsLove's ghost
  5917 | D:9      | Reached skill level 10 in Fighting
  5917 | D:9      | Reached skill level 11 in Unarmed Combat
  5972 | D:9      | Noticed a deep elf mage
  5980 | D:9      | Killed a deep elf mage
  6052 | D:9      | Noticed Erolcha
  6096 | D:9      | Killed Erolcha
  6105 | D:9      | Found an opulent altar of Gozag.
  6218 | D:9      | Reached skill level 1 in Shields
  6476 | D:9      | Reached ****** piety under Cheibriados
  6578 | D:9      | Found a staircase to the Lair.
  6578 | D:9      | Noticed an elephant
  6594 | D:9      | Killed an elephant
  6597 | D:9      | Reached XP level 11. HP: 64/64 MP: 12/12
  6900 | D:10     | Entered Level 10 of the Dungeon
  6900 | D:10     | Noticed a hill giant
  6908 | D:10     | Killed a hill giant
  6994 | D:10     | Noticed Sonja
  7003 | D:10     | Killed Sonja
  7247 | D:10     | Reached skill level 5 in Dodging
  7922 | D:11     | Reached skill level 5 in Shields
  7978 | D:11     | Noticed a hill giant
  7984 | D:11     | Killed a hill giant
  8173 | D:11     | Noticed Fannar
  8182 | D:11     | Killed Fannar
  8389 | D:11     | Noticed an eight-headed hydra
  8394 | D:11     | Killed an eight-headed hydra
  8584 | D:12     | Gained mutation: You regenerate. [Vine Stalker growth]
  8584 | D:12     | Reached XP level 12. HP: 69/69 MP: 13/13
  8654 | D:12     | Found a staircase to the Orcish Mines.
  8711 | D:12     | HP: 1/69 [deep elf mage/bolt of lightning (29)]
  9329 | D:12     | Found Anirphe's Assorted Antiques.
  9386 | D:12     | Bought a scroll labeled XYZAJ BYGOCSUT for 31 gold pieces
  9714 | D:13     | Noticed Rupert
  9714 | D:13     | Paralysed by Rupert for 5 turns
  9731 | D:13     | Killed Rupert
  9731 | D:13     | Reached skill level 12 in Unarmed Combat
 10040 | D:13     | Noticed Urug
 10048 | D:13     | Reached XP level 13. HP: 74/74 MP: 14/14
 10057 | D:13     | Killed Urug
 10407 | D:13     | Reached skill level 10 in Shields
 10410 | D:13     | Reached skill level 1 in Invocations
 10919 | D:14     | Reached skill level 5 in Invocations
 11081 | D:14     | Found Pasid's Assorted Antiques.
 11084 | D:14     | Bought a runed troll leather armour for 375 gold pieces
 11156 | D:14     | Found a gate to the Vaults.
 11384 | D:15     | Entered Level 15 of the Dungeon
 11432 | D:15     | Found Fariz's Weapon Boutique.
 11524 | D:15     | Reached XP level 14. HP: 39/79 MP: 19/19
 11767 | D:15     | Found a staircase to the Depths.
 12581 | Lair:1   | Entered Level 1 of the Lair of Beasts
 13474 | Lair:1   | Noticed Joseph
 13480 | Lair:1   | Killed Joseph
 13706 | Lair:2   | Learned a level 5 spell: Lee's Rapid Deconstruction
 13728 | Lair:2   | Reached skill level 1 in Earth Magic
 13729 | Lair:2   | Reached skill level 1 in Spellcasting
 13868 | Lair:2   | Found a frozen archway.
 13891 | IceCv    | Entered an ice cave
 13891 | IceCv    | Noticed vible's ghost (journeyman NaMo)
 13909 | IceCv    | Killed vible's ghost
 14550 | Lair:3   | Reached skill level 1 in Armour
 14630 | Lair:3   | Found a staircase to the Shoals.
 15029 | Lair:4   | Found a staircase to the Snake Pit.
 15043 | Lair:3   | Reached XP level 15. HP: 80/85 MP: 22/22
 16107 | Lair:5   | Got an encrusted scale mail
 16118 | Lair:5   | Identified the +6 scale mail "Fyemit" {Int+5 Slay+2 Stlth-} (You found it on level 5 of the Lair of Beasts)
 16123 | Lair:5   | Got a scintillating jade amulet
 16124 | Lair:5   | Identified the amulet "Qoptingu" {+Rage Str+4 SInv} (You found it on level 5 of the Lair of Beasts)
 16140 | Lair:6   | Found a labyrinth entrance.
 16148 | Lab      | Entered a labyrinth
 16244 | Lab      | Got a fine pewter ring
 16246 | Lab      | Identified the ring "Veac" {Wiz rC+} (You found it in a labyrinth)
 16260 | Lab      | Got a smoking ring mail
 16290 | Lab      | Identified the +6 ring mail of Valiance {-Tele Str+4 Dex+4 Stlth+} (You found it in a labyrinth)
 17749 | Lair:7   | Reached skill level 13 in Fighting
 17843 | Lair:7   | Reached skill level 5 in Spellcasting
 18090 | Lair:8   | Entered Level 8 of the Lair of Beasts
 18137 | Lair:8   | Reached skill level 5 in Earth Magic
 18518 | Lair:8   | Found a staircase to the Slime Pits.
 18689 | Lair:8   | Reached XP level 16. HP: 52/91 MP: 24/27
 18957 | Lair:8   | Gained mutation: Your magical capacity is low (-10% MP). [a shining eye]
 18959 | Lair:8   | Gained mutation: Your mind is acute. (Int +2) [a shining eye]
 18963 | Lair:8   | Lost mutation: Your magical capacity is low (-10% MP). [potion of cure mutation]
 18963 | Lair:8   | Lost mutation: Your mind is acute. (Int +2) [potion of cure mutation]
 19115 | Lair:8   | Learned a level 6 spell: Freezing Cloud
 19148 | Lair:8   | Found a runed door.
 19230 | Lair:8   | Reached skill level 1 in Ice Magic
 19230 | Lair:8   | Reached skill level 1 in Air Magic
 19790 | Snake:1  | Entered Level 1 of the Snake Pit
 20541 | Snake:1  | Noticed Louise
 20541 | Snake:1  | Noticed Asterion
 20545 | Snake:1  | Killed Asterion
 20551 | Snake:1  | Killed Louise
 20551 | Snake:1  | Reached skill level 14 in Fighting
 21654 | Snake:3  | Noticed Vashnia
 21739 | Snake:2  | HP: 5/139 [salamander/glaive (9)]
 21902 | Snake:3  | Killed Vashnia
 21975 | Snake:3  | Noticed Saint Roka
 21998 | Snake:3  | Reached XP level 17. HP: 86/98 MP: 29/29
 22020 | Snake:3  | Killed Saint Roka
 22180 | Snake:3  | HP: 4/98 [poisoned by a naga mage (bolt of poison)]
 22374 | Lair:2   | Reached skill level 15 in Fighting
 22572 | Depths:1 | Entered Level 1 of the Depths
 22802 | Depths:1 | Found a gateway to Hell.
 23107 | Depths:1 | HP: 4/99 [deep troll (7)]
 23107 | Depths:1 | Slain by a deep troll

Vault maps used:
D:1:      sevenhm_arrival_forest_fort_small_4, minmay_tree_intersection
D:2:      kennysheep_six_static_rooms, nicolae_overflow_hidden_temple,
          nicolae_overflow_crystal_walls, nicolae_tso_carved_into_rock,
          lemuel_round_altar, lemuel_doored_altar
D:3:      kennysheep_generic_room_11, uniq_crazy_yiuf_cottage
D:4:      lemuel_zombie_altar_kikubaaqudgha, grunt_pakellas_salt, uniq_edmund
D:5:      lemuel_crystal_altar, minmay_temple_entry_butterflies, first_bread,
          minmay_misc_feat_iff
D:6:      nicolae_ossuary_entry_monument, grunt_ministairs_14, uniq_pikel
D:7:      bloody_trog
D:8:      nicolae_qazlal_eye_of_the_storm, overflow_temple_1_default,
          lemuel_round_altar
D:9:      lemuel_round_altar, david_lair_generic, grunt_livestock, uniq_erolcha
D:10:     uniq_sonja
D:11:     uniq_fannar
D:12:     orc_0_dummy, serial_shops, nicolae_shop_stone
D:13:     nicolae_looking_at_the_future, uniq_rupert, uniq_urug
D:14:     david_vaults_1, serial_shops, kennysheep_mini,
          corexii_leaking_fountain, grunt_decor_one_mirror
D:15:     grunt_enter_depths_snipers, serial_shops,
          nicolae_shop_window_shopping, minmay_fountain_box
Lair:1:   beast_lair_carwin_5, uniq_joseph
Lair:2:   portal_ice_cave_entry_imps
Lair:3:   shoals_dummy_entry, minivault_19, serial_bayou_shore_b,
          infiniplex_staircase_pool_2
Lair:4:   dummy_snake_entry, grunt_forest_large_clearing_hut
Lair:5:   ice2_lemuel
Lair:6:   lab_entry_generic, nicolae_quartered_pool_medium, grunt_megastairs_2
Lair:7:   serial_bayou_shore_b
Lair:8:   hangedman_lair_tendril_chambers, wormcave,
          nicolae_slime_entry_slimehenge
Snake:1:  uniq_louise, uniq_asterion
Snake:3:  hangedman_cross_stitches, stair_cage_line, spider_trap,
          uniq_saint_roka, uniq_roxanne, uniq_azrael, uniq_vashnia
Depths:1: minmay_strange_pillars, hell_entry, evilmike_minifort
Lab:      labyrinth_hidden_loot, lab_fountain, lab_hedge, labyrinth_fake_exit,
          nicolae_lab_t_cross, nicolae_lab_hexagon, nicolae_lab_garden,
          nicolae_lab_blocks
Ossuary:  ossuary_minmay_tomb_2a
IceCv:    ice_cave_small_demon

Action                   |  1- 3 |  4- 6 |  7- 9 | 10-12 | 13-15 | 16-18 || total
-------------------------+-------+-------+-------+-------+-------+-------++-------
Melee: Unarmed           |    92 |   109 |   324 |   431 |  1259 |   565 ||  2780
 Cast: Lee's Rapid Decon |       |       |       |       |       |     4 ||     4
Invok: Slouch            |       |       |       |     4 |     9 |     7 ||    20
Evoke: Wand              |       |       |       |     3 |       |     5 ||     8
       Lamp of fire      |       |       |       |       |       |     1 ||     1
  Use: Potion            |       |     2 |       |     1 |     1 |     7 ||    11
       Scroll            |       |       |    10 |     6 |    28 |    13 ||    57
 Stab: Sleeping          |     8 |       |     2 |     1 |     2 |     2 ||    15
       Distracted        |       |       |       |       |       |     1 ||     1
  Eat: Chunk             |       |     2 |       |       |     3 |       ||     5
       Meat ration       |       |       |     1 |     2 |     2 |       ||     5
       Pizza             |       |       |     1 |       |       |       ||     1
       Beef jerky        |       |       |       |     3 |       |       ||     3
       Bread ration      |       |       |       |     1 |     2 |     2 ||     5
